 Dungeon Crawl Stone Soup version 0.30-a0-867-g305f33218d (webtiles) character file.

Game seed: 17245010377057019768

5 domi the Conjurer (level 1, -1/13 HPs)
             Began as a Demonspawn Conjurer on Mar 10, 2023.
             Killed from afar by a dart slug (6 damage)
             ... with a slug dart
             ... on level 1 of the Dungeon.
             The game lasted 00:00:21 (136 turns).

domi the Conjurer (Demonspawn Conjurer)              Turns: 136, Time: 00:00:22

Health: -1/13      AC:  2    Str:  7    XL:     1   Next: 66%
Magic:  0/3        EV: 12    Int: 19    God:
Gold:   5          SH:  0    Dex: 11    Spells: 3/4 levels left

rFire   . . .      SeeInvis .    e - +0 hand axe
rCold   . . .      Faith    .    (no shield)
rNeg    . . .      Spirit   .    a - +0 robe
rPois   .          Reflect  .    (no helmet)
rElec   .          Rampage  .    (no cloak)
rCorr   .                        (no gloves)
Will    .....                    (no boots)
Stlth   ++                       (no amulet)
HPRegen 0.22/turn                (no ring)
MPRegen 0.08/turn                (no ring)

@: very slightly contaminated
A: no striking features
a: no special abilities


You were on level 1 of the Dungeon.
You visited 1 branch of the dungeon, and saw 1 of its levels.

You collected 5 gold pieces.

Inventory:

Hand Weapons
 e - a +0 hand axe (weapon)
   (You found it on level 1 of the Dungeon)
Armour
 a - a +0 robe (worn)
Scrolls
 c - a scroll of acquirement {unknown}
 d - a scroll of teleportation {unknown}
Potions
 b - a potion of magic


   Skills:
 - Level 1.7 Dodging
 - Level 1.7 Stealth
 - Level 2.0 Spellcasting
 + Level 4.3 Conjurations


You had 3 spell levels left.
You knew the following spells:

 Your Spells              Type           Power      Damage    Failure   Level
z - Magic Dart            Conj           72%        1d6       3%          1

Your spell library contained the following spells:

 Spells                   Type           Power      Damage    Failure   Level
 Searing Ray              Conj           36%        2d5       4%          2
 Dazzling Flash           Conj/Hex       20%        N/A       22%         3
 Fulminant Prism          Conj/Hex       5%         3d7       56%         4
 Iskenderun's Mystic Bla  Conj/Tloc      10%        2d4       56%         4


Dungeon Overview and Level Annotations

Branches:
Dungeon (1/15)

Altars:


Message History

Welcome, domi the Demonspawn Conjurer.
Are you destined to find the incredible Orb of Zot, or to die trying?
Found 5 gold pieces.
Found a staircase leading out of the dungeon.
Lua error: attempt to yield across metamethod/C-call boundary You enter the shallow water.
Moving in this stuff is going to be slow.
A rat and a goblin come into view.
There are monsters nearby!
There are monsters nearby!
There are monsters nearby!
Aim: a goblin, wielding a +0 club (asleep, 100% to hit)
The magic dart hits the goblin.
You kill the goblin!
Aim: a rat (100% to hit)
The magic dart hits the rat.
You kill the rat!
You can't see any susceptible monsters within range! (Use Z to cast anyway.)
You can't see any susceptible monsters within range! (Use Z to cast anyway.)
You can't see any susceptible monsters within range! (Use Z to cast anyway.)
A bat comes into view.
You see here 5 gold pieces.
A bat is nearby!
A bat is nearby!
A bat is nearby!
Aim: a bat (asleep, 100% to hit)
The magic dart hits the bat.
A bat comes into view.
Aim: a bat (wandering, hasn't noticed you, 100% to hit)
The magic dart hits the bat.
Aim: a bat (moderately wounded, 100% to hit)
The magic dart hits the bat.
You kill the bat!
The bat closely misses you.
You don't have enough magic to cast this spell.
A bat is nearby!
A bat is nearby!
You closely miss the bat. The bat closely misses you.
The bat barely misses you.
You miss the bat. The bat hits you but does no damage.
The bat closely misses you.
You hit the bat but do no damage. The bat barely misses you.
The bat barely misses you.
You hit the bat.
You kill the bat!
You now have 5 gold pieces.
You enter the shallow water.
Moving in this stuff is going to be slow.
c - a scroll labelled FYONLO DYZAQ A quokka comes into view.
A quokka is nearby!
A quokka is nearby!
Aim: a quokka (asleep, 100% to hit)
The magic dart hits the quokka.
Aim: a quokka (severely wounded, 100% to hit)
The magic dart hits the quokka.
You kill the quokka!
You can't see any susceptible monsters within range! (Use Z to cast anyway.)
Found a stone staircase leading down.
d - a scroll labelled ZIGUQUD IMOROPN A dart slug comes into view.
A dart slug is nearby!
Aim: a dart slug (asleep, 100% to hit)
The magic dart hits the dart slug.
You can't see any susceptible monsters within range! (Use Z to cast anyway.)
You can't see any susceptible monsters within range! (Use Z to cast anyway.)
The dart slug launches a dart at you. The slug dart hits you.
Aim: a dart slug (moderately wounded, 100% to hit)
The magic dart hits the dart slug.
Aim: a dart slug (heavily wounded, 100% to hit)
You miscast Magic Dart.
You are very lightly contaminated with residual magic.
Nothing appears to happen.
You don't have enough magic to cast this spell.
A rat comes into view.
The dart slug launches a dart at you. The slug dart hits you.
You hit the dart slug but do no damage.
Unknown command.
A ball python comes into view.
The ball python hisses angrily.
The dart slug launches a dart at you. The slug dart hits you.
You see here a +0 hand axe.
e - a +0 hand axe
e - a +0 hand axe (weapon)
The dart slug launches a dart at you. The slug dart hits you.
You die...

###........#
...........#
..........
........ #
#...S.# .#.
#.....##...
###.....#..r.
#..@w.....# ..
#.#...#.######
...#.#>..........
####
..#.#...........
##...
................
#..#.
.##......###....
....### #......#
... ......###
#......# .
≈~...#..#
#......#


You could see a dart slug and a ball python.

Vanquished Creatures
  2 bats (D:1)
  A goblin (D:1)
  A quokka (D:1)
  A rat (D:1)
5 creatures vanquished.

Notes
Turn   | Place    | Note
-------+----------+-------------------------------------------
     0 | D:1      | domi the Demonspawn Conjurer began the quest for the Orb.
     0 | D:1      | Reached XP level 1. HP: 13/13 MP: 3/3
   136 | D:1      | Killed from afar by a dart slug

Illustrated notes

Levels and vault maps discovered:
D:1:      dpeg_arrival_subterranean_lakeside_camping, layout_basic

Action                     || total
---------------------------++-------
  Melee: Unarmed           ||     5
   Cast: Magic Dart        ||     9
 Armour: Robe              ||     1
  Dodge: Dodged            ||     6

Table legend: (Time is in decaauts)
 A = Elapsed time spent in this place.
 B = Non-inter-level travel time spent in this place.
 C = Inter-level travel time spent in this place.
 D = Time resting spent in this place.
 E = Time spent auto-exploring this place.
 F = Levels seen in this place.
 G = Mean time per level.
                   A        B        C        D        E       F      G
               +--------+--------+--------+--------+--------+-----+--------+
         Total |    137 |    137 |      0 |      0 |    105 |   1 |  137.0 |
       Dungeon |    137 |    137 |      0 |      0 |    105 |   1 |  137.0 |
               +--------+--------+--------+--------+--------+-----+--------+

Top non-repeatable levels by time:
     D:1: 137 daAuts

Table legend:
 A = Kills in this place as a percentage of kills in the entire game.
 B = Kills by you in this place as a percentage of kills by you in the entire game.
 C = Kills by friends in this place as a percentage of kills by friends in the entire game.
 D = Other kills in this place as a percentage of other kills in the entire game.
 E = Experience gained in this place as a percentage of experience gained in the entire game.
 F = Experience gained in this place divided by the number of levels of this place that you have seen.
                   A       B       C       D       E      F
               +-------+-------+-------+-------+-------+----------------------
         Total | 100.0 | 100.0 |   N/A |   N/A | 100.0 |   8.0
       Dungeon | 100.0 | 100.0 |   N/A |   N/A | 100.0 |   8.0
               +-------+-------+-------+-------+-------+----------------------
